 Dungeon Crawl Stone Soup version 5.5-124-g57f67c7 (webtiles) character file.

1 abdallah the Insei (level 7, -2/41 HPs) *CASUAL*
             Began as an Octopode Wizard on June 7, 2018.
             Slain by Grinder (4 damage)
             ... while paralysed by Grinder
             ... on level 4 of the Dungeon.
             The game lasted 00:04:57 (3263 turns).

abdallah the Insei (Octopode Wizard)                Turns: 3263, Time: 00:04:57

Health: -2/41      AC:  1 (0%)Str:  6   XL:     7   Next: 8%
Magic:  13/13      EV:  2    Int: 22    God:
Gold:   110        SH:  0    Dex: 11    Spells: 13/14 levels left

rFire    . . .     SeeInvis .     - Unarmed
rCold    . . .     Faith    .   (no shield)
rNeg     . . .     Spirit   .   a - +0 hat
rPois    .         Reflect  .   h - amulet of regeneration
rElec    .                      (no ring)
rCorr    .                      (no ring)
MR       .....                  (no ring)
Stlth    +++++.....             (no ring)
Regen    0.6/turn               (no ring)
MPRegen  0.4/turn               (no ring)
                                (no ring)
                                (no ring)

@: paralysed
A: almost no armour, stealthy swim, amphibious, 8 rings, constrict 8,
camouflage, screaming 1, gelatinous body 1, MP-powered wands
a: no special abilities


You were on level 4 of the Dungeon.
You were not hungry.

You visited 1 branch of the dungeon, and saw 4 of its levels.

You collected 110 gold pieces.

Inventory:

Missiles
 e - 48 poisoned darts (quivered)
 k - 16 frenzy darts
 m - 120 javelins
Armour
 a - a +0 hat (worn)
 l - a +0 buckler
Jewellery
 h - an amulet of regeneration (around mantle)
Wands
 n - a wand of paralysis (11)
Scrolls
 b - 2 scrolls of fog
 c - 2 scrolls of enchant weapon
 d - 3 scrolls of teleportation
 j - a scroll of fear
Potions
 f - 2 potions of flight
 g - a potion of haste
 i - 2 potions of augmentation


   Skills:
 + Level 0.0 Fighting
 - Level 2.0 Dodging
 - Level 2.6 Stealth
 + Level 7.1 Unarmed Combat
 - Level 1.0 Hexes
 - Level 1.0 Summonings
 - Level 1.0 Necromancy
 - Level 1.0 Translocations
 - Level 1.0 Transmutations
 - Level 1.0 Fire Magic
 - Level 1.0 Air Magic
 - Level 1.0 Earth Magic


You had 13 spell levels left.
You knew the following spells:

 Your Spells              Type           Power        Failure   Level  Hunger
a - Magic Dart            Air            4 (25)       11%         1    N/A

Your spell library contained the following spells:

 Spells                   Type           Power        Failure   Level  Hunger
 Conjure Flame            Fire/Air       4 (100)      32%         3    N/A
 Slow                     Hex            4 (100)      17%         2    N/A
 Blink                    Tloc           N/A          17%         2    N/A
 Sublimation of Blood     Necr           4 (200)      17%         2    N/A
 Passwall                 Tmut/Erth      4 (200)      17%         2    N/A
 Call Canine Familiar     Summ           4 (100)      32%         3    N/A

Dungeon Overview and Level Annotations

Branches:
Dungeon (4/15)

Altars:
Jiyva
Okawaru
Qazlal
Trog
Uskayaw
Vehumet
Xom

Annotations:
D:4 Grinder


Innate Abilities, Weirdness & Mutations

You cannot wear most types of armour.
You are very stealthy in the water.
You are amphibious.
You can wear up to eight rings at the same time.
You can use your tentacles to constrict eight enemies at once.
Your skin blends seamlessly with your surroundings (Stealth+++).
Your rubbery body absorbs attacks. (AC +1, EV +1)
You occasionally shout uncontrollably at your foes.
You expend magic power (3 MP) to strengthen your wands.


Message History

You feel sick.
You start resting.
You feel sick.
You are no longer poisoned.
You start resting.
HP restored.
You now have 110 gold pieces (gained 3).
n - a wand of paralysis (11) Grinder comes into view.
Grinder shouts!
Grinder says, "There's only one good use for a tongue: cutting it out."
Grinder gestures at you.
You suddenly lose the ability to move!
Grinder hits you (9)! Grinder hits you (4).
You writhe in agony (3).
Grinder hits you (11)!
You writhe in agony (6).
* * * LOW HITPOINT WARNING * * *
Grinder hits you (8)!
* * * LOW HITPOINT WARNING * * *
You writhe in agony (4).
You die...

..............#
..........##..#
........##....##
...............## .
.............#..##..
......######..#.....
....#####........###
#.. ##..........#
.......@....#
.?.....5.....#
............##
............#
............#
............#
...........##
...........#


You could see Grinder.

Vanquished Creatures
  4 worker ants
  4 adders
  5 dart slugs
  An orc (D:3)
  8 quokkas
  14 giant cockroaches
  8 goblins
  4 hobgoblins
  7 jackals (D:1)
  A ball python (D:2)
  8 bats
  5 frilled lizards
  7 kobolds
  5 rats
81 creatures vanquished.

Notes
Turn   | Place    | Note
-------+----------+-------------------------------------------
     0 | D:1      | abdallah the Octopode Wizard began the quest for the Orb.
     0 | D:1      | Reached XP level 1. HP: 11/11 MP: 2/2
    50 | D:1      | Reached skill level 1 in Unarmed Combat
    67 | D:1      | Reached XP level 2. HP: 17/17 MP: 4/4
    93 | D:1      | Reached skill level 2 in Unarmed Combat
   119 | D:1      | Reached XP level 3. HP: 6/21 MP: 6/6
   615 | D:1      | Reached skill level 3 in Unarmed Combat
   984 | D:1      | Reached XP level 4. HP: 23/27 MP: 8/8
  1458 | D:1      | Gained mutation: You expend magic power (3 MP) to strengthen your wands. [mutagenic hatch]
  1472 | D:2      | Reached skill level 4 in Unarmed Combat
  1868 | D:2      | Reached XP level 5. HP: 31/31 MP: 9/9
  2083 | D:2      | Reached skill level 5 in Unarmed Combat
  2132 | D:2      | Found a radiant altar of Vehumet.
  2134 | D:2      | Found a viscous altar of Jiyva.
  2135 | D:2      | Found a stormy altar of Qazlal.
  2137 | D:2      | Found an iron altar of Okawaru.
  2670 | D:3      | Reached XP level 6. HP: 35/36 MP: 11/11
  2712 | D:3      | Found a bloodstained altar of Trog.
  2825 | D:3      | Found a hide-covered altar of Uskayaw.
  2893 | D:3      | Reached skill level 6 in Unarmed Combat
  3160 | D:3      | Gained mutation: You occasionally shout uncontrollably at your foes. [mutagenic hatch]
  3185 | D:4      | Found a shimmering altar of Xom.
  3202 | D:4      | Reached skill level 7 in Unarmed Combat
  3202 | D:4      | Reached XP level 7. HP: 23/41 MP: 13/13
  3255 | D:4      | Noticed Grinder
  3258 | D:4      | Paralysed by Grinder for 6 turns
  3263 | D:4      | HP: 2/41 [Grinder (8)]
  3263 | D:4      | Slain by Grinder

Skill      XL: |  1  2  3  4  5  6 |
---------------+-------------------+-----
Unarmed Combat | 1 2 3 4 5 7 |  7.1
Dodging        | |  2.0
Stealth        | |  2.6
Hexes          | |  1.0
Summonings     | |  1.0
Necromancy     | |  1.0
Translocations | |  1.0
Transmutations | |  1.0
Fire Magic     | |  1.0
Air Magic      | |  1.0
Earth Magic    | |  1.0

Action                   |  1- 3 |  4- 6 |  7- 9 || total
-------------------------+-------+-------+-------++-------
Melee: Unarmed           |    56 |   153 |       ||   209
       Tentacles         |    11 |    16 |       ||    27
       Constrict         |    13 |    38 |       ||    51
       Punch             |       |     7 |       ||     7
 Cast: Magic Dart        |       |    13 |       ||    13
 Stab: Sleeping          |     6 |    27 |       ||    33
Armor: Skin              |     1 |    11 |       ||    12
Dodge: Dodged            |    30 |    81 |       ||   111
